 Dungeon Crawl Stone Soup version 0.27-a0-385-g3208abaabc (webtiles) character file.

Game seed: 932501607110976152

396 greynaab the Magician (level 6, 0/32 HPs)
             Began as a Deep Elf Hedge Wizard on Feb 19, 2021.
             Slain by a black bear (5 damage)
             ... on level 6 of the Dungeon.
             The game lasted 00:37:50 (6125 turns).

greynaab the Magician (Deep Elf Hedge Wizard)       Turns: 6125, Time: 00:37:50

Health: 0/32       AC:  2    Str: 11 (13) XL:     6   Next: 52%
Magic:  1/15       EV: 12    Int: 19 (21) God:
Gold:   195        SH:  5    Dex: 13 (14) Spells: 6/14 levels left

rFire    . . .     SeeInvis .   a - +0 dagger
rCold    . . .     Faith    .   p - +0 buckler
rNeg     . . .     Spirit   .   q - +0 robe
rPois    +         Reflect  .   (no helmet)
rElec    .         Harm     .   (no cloak)
rCorr    .         Rampage  .   (no gloves)
Will     .....                  (no boots)
Stlth    ++........             f - amulet of the acrobat
HPRegen  0.10/turn              r - ring of poison resistance
MPRegen  0.14/turn              v - +6 ring of strength

@: very slightly contaminated
A: no striking features
a: no special abilities


You were on level 6 of the Dungeon.
You visited 1 branch of the dungeon, and saw 6 of its levels.

You collected 195 gold pieces.

Inventory:

Hand Weapons
 a - a +0 dagger (weapon)
 b - a +0 hunting sling
Missiles
 e - 96 sling bullets
 k - 124 stones
 D - 3 poisoned darts (quivered)
Armour
 c - a +0 hat
 m - a +0 kite shield
 p - a +0 buckler (worn)
 q - a +0 robe (worn)
 z - a +0 helmet
Magical Staves
 s - a staff of air
Jewellery
 f - an amulet of the acrobat (around neck)
 r - a ring of poison resistance (left hand)
 v - a +6 ring of strength (right hand)
Wands
 y - a wand of paralysis (5)
 A - a wand of charming (7)
Scrolls
 d - 5 scrolls of teleportation {unknown}
 g - a scroll of enchant weapon {unknown}
 o - 2 scrolls of magic mapping
 u - 3 scrolls of enchant armour
 B - a scroll of fog {unknown}
Potions
 h - 2 potions of cancellation
 i - 2 potions of attraction
 j - a potion of curing
 l - a potion of degeneration
 n - a potion of haste
 t - 3 potions of lignification
 w - a potion of flight
 x - a potion of berserk rage {unknown}
 C - 2 potions of heal wounds


   Skills:
 - Level 2.4 Dodging
 - Level 3.0 Stealth
 - Level 4.0 Shields
 - Level 4.7 Spellcasting
 - Level 1.7 Conjurations
 - Level 1.4 Hexes
 - Level 1.7 Summonings
 - Level 1.7 Translocations
 + Level 3.0 Poison Magic


You had 6 spell levels left.
You knew the following spells:

 Your Spells              Type           Power        Failure   Level
a - Magic Dart            Conj           44%          6%          1
b - Call Imp              Summ           11%          10%         2
c - Slow                  Hex            9%           11%         2
d - Mephitic Cloud        Conj/Pois/Air  10%          21%         3

Your spell library contained the following spells:

 Spells                   Type           Power        Failure   Level
 Blink                    Tloc           N/A          10%         2
 Conjure Flame            Conj/Fire      7%           26%         3


Dungeon Overview and Level Annotations

Branches:
Dungeon (6/15)
 Temple: D:4-7

Altars:
Sif Muna
Uskayaw

Shops:
D:5 *

Annotations:
D:4 Edmund


Message History

Aim: a black bear (severely wounded, slow, ally target) Attack!
The black bear barely misses you. The black bear closely misses you.
You block the black bear's attack.
Unknown command.
Casting: Call Imp (safe; 10% risk of failure)
Confirm with . or Enter, or press ? or * to list all spells.
Aiming: Magic Dart (safe; 6% risk of failure)
Press: ? - help, Shift-Dir - straight line, f/p - black bear
Aim: a black bear (severely wounded, slow, ally target, 0% to evade)
You miscast Magic Dart.
You are very lightly contaminated with residual magic.
Nothing appears to happen.
The black bear looks more energetic.
The black bear bites you but does no damage.
The black bear claws you. You block the black bear's attack.
Unknown command.
Your crimson imp hits the black bear but does no damage.
Your crimson imp blinks!
The black bear goes berserk!
Unknown command.
You don't have any such object.
Evoke which item? (* to show all) (? for menu, Esc to quit)
Aiming: Paralyse
Press: ? - help, Shift-Dir - straight line, f/p - black bear
Aim: a black bear (severely wounded, berserk, ally target, chance to affect: 46%)
The black bear resists with some effort.
Your crimson imp barely misses the black bear.
Your crimson imp blinks!
The black bear completely misses you. The black bear closely misses you.
You block the black bear's attack.
Unknown command.
Aiming: Paralyse
Press: ? - help, Shift-Dir - straight line, f/p - black bear
Aim: a black bear (severely wounded, berserk, ally target, chance to affect: 46%)
The black bear resists with some effort.
The black bear barely misses you. The black bear claws you.
The black bear claws you!
* * * LOW HITPOINT WARNING * * *
Your crimson imp hits the black bear but does no damage.
The black bear bites you.
You die...

#. #.†.###
<. #....# ..
#....# .
#.5..#
#....#
##..####
##.###.5...#
....§...h.##
5......@.<#
#.........#
#.>.##....)#
##.. #######
#.. #.


You could see a black bear (berserk, ally target) and 3 friendly crimson imps.

Vanquished Creatures
  An orc wizard (D:3)
  A worker ant (D:5)
  2 worms
  2 leopard geckos
  8 orcs
  4 ball pythons
  9 bats
  4 giant cockroaches
  A hobgoblin (D:1)
  2 jackals
  2 quokkas
  6 frilled lizards
  6 goblins
  5 kobolds
  10 rats
63 creatures vanquished.

Vanquished Creatures (collateral kills)
  2 ogres
  A scorpion (D:3)
  A centaur skeleton (D:5)
  3 orc priests
  A hound (D:6)
  An orc wizard (D:4)
  A hound skeleton (D:5)
  7 adders
  A worm (D:2)
  3 dart slugs
  3 orcs
  A giant cockroach (D:2)
  A goblin (D:3)
  2 hobgoblins
  6 jackals
  A quokka (D:2)
  A bat (D:3)
  2 frilled lizards
  A quokka skeleton (D:5)
39 creatures vanquished.

Grand Total: 102 creatures vanquished

Notes
Turn   | Place    | Note
-------+----------+-------------------------------------------
     0 | D:1      | greynaab the Deep Elf Hedge Wizard began the quest for the
                  | Orb.
     0 | D:1      | Reached XP level 1. HP: 10/10 MP: 7/7
   453 | D:1      | Reached XP level 2. HP: 15/15 MP: 3/9
  1118 | D:1      | Learned a level 2 spell: Call Imp
  1121 | D:1      | Learned a level 2 spell: Slow
  1468 | D:2      | Reached XP level 3. HP: 13/19 MP: 11/11
  2020 | D:2      | Learned a level 3 spell: Mephitic Cloud
  2138 | D:3      | Reached skill level 1 in Shields
  2344 | D:3      | Noticed an ogre
  2419 | D:3      | Killed an ogre
  2420 | D:3      | Reached XP level 4. HP: 24/24 MP: 2/12
  2993 | D:3      | Reached XP level 5. HP: 28/28 MP: 11/14
  3191 | D:4      | Noticed an ogre
  3208 | D:4      | Killed an ogre
  3574 | D:4      | Noticed Edmund
  3929 | D:3      | Reached skill level 1 in Hexes
  3929 | D:3      | Reached XP level 6. HP: 21/32 MP: 11/15
  4041 | D:3      | HP: 1/32 [orc priest/nerve-wracking pain (12)]
  4403 | D:4      | Reached skill level 1 in Poison Magic
  4605 | D:4      | Found a hide-covered altar of Uskayaw.
  4784 | D:5      | Entered Level 5 of the Dungeon
  5081 | D:5      | Found Ydyoq's General Store.
  5258 | D:5      | Found a shimmering blue altar of Sif Muna.
  6125 | D:6      | Slain by a black bear

Illustrated notes

Levels and vault maps discovered:
D:1:      heliophobic_arrival_enchanted_forest, layout_loops_ring
D:2:      layout_basic
D:3:      layout_loops_ring, chequers_decorated_corner
D:4:      layout_rooms, lemuel_doored_altar, uniq_edmund
D:5:      layout_basic, overflow_temple_1_default, serial_shops, shop
D:6:      layout_gridville, kennysheep_generic_room_8

Skill      XL: |  1  2  3  4  5  6 |
---------------+-------------------+-----
Stealth        | 3 |  3.0
Shields        | 2 3 4 |  4.0
Hexes          | 1 |  1.4
Poison Magic   | 3 |  3.0
Dodging        | |  2.4
Spellcasting   | |  4.7
Conjurations   | |  1.7
Summonings     | |  1.7
Translocations | |  1.7

Action                   |  1- 3 |  4- 6 || total
-------------------------+-------+-------++-------
Melee: Dagger            |    26 |    10 ||    36
 Fire: Hunting sling     |    16 |    83 ||    99
Throw: Dart              |       |     2 ||     2
 Cast: Magic Dart        |    57 |    16 ||    73
       Call Imp          |    28 |    62 ||    90
       Slow              |     1 |     6 ||     7
Evoke: Wand              |       |     4 ||     4
  Use: Scroll            |       |     7 ||     7
       Potion            |       |     3 ||     3
 Stab: Sleeping          |     1 |       ||     1
Armor: Robe              |    10 |     7 ||    17
Dodge: Dodged            |    45 |    54 ||    99
Block: Buckler           |       |     9 ||     9

Table legend: (Time is in decaauts)
 A = Elapsed time spent in this place.
 B = Non-inter-level travel time spent in this place.
 C = Inter-level travel time spent in this place.
 D = Time resting spent in this place.
 E = Time spent auto-exploring this place.
 F = Levels seen in this place.
 G = Mean time per level.
                   A        B        C        D        E       F      G
               +--------+--------+--------+--------+--------+-----+--------+
         Total |   6144 |   5971 |    173 |   1868 |   2807 |   6 | 1024.0 |
       Dungeon |   6144 |   5971 |    173 |   1868 |   2807 |   6 | 1024.0 |
               +--------+--------+--------+--------+--------+-----+--------+

Top non-repeatable levels by time:
     D:3: 2061 daAuts
     D:5: 1288 daAuts
     D:1: 1133 daAuts
     D:2: 887 daAuts
     D:4: 720 daAuts
     D:6: 53 daAuts
